 Dungeon Crawl Stone Soup version 0.31.0-9-g3a7656b989 (console) character file.

Game seed: 2727151018159675255

1143 AlterAsc the Cleaver (level 8, -7/58 HPs)
             Began as a Formicid Fighter on Jan 28, 2024.
             Was a Follower of Okawaru.
             Mangled by an ice beast (13 damage)
             ... on level 7 of the Dungeon.
             The game lasted 00:09:40 (5897 turns).

AlterAsc the Cleaver (Formicid Fighter)             Turns: 5897, Time: 00:09:40

Health: -7/58      AC:  9    Str: 23    XL:     8   Next: 64%
Magic:  9/9        EV:  8    Int:  8    God:    Okawaru [*.....]
Gold:   340        SH:  9    Dex: 13    Spells: 7/7 levels left

rFire   + . .        a - +0 war axe
rCold   . . .        v - +0 kite shield {reflect}
rNeg    . . .        b - +0 scale mail
rPois   .            (helmet unavailable)
rElec   .            o - +0 cloak
rCorr   .            e - +0 pair of gloves
SInv    +            (no boots)
Will    .....        (no amulet) Stlth
                     n - ring of flight
HPRegen 0.29/turn    h - ring of protection from fire
MPRegen 0.11/turn

%: reflection
@: flying
A: permanent stasis, dig shafts and tunnels, antennae 3, four strong arms
a: Dig, Shaft Self, Renounce Religion, Heroism


You were on level 7 of the Dungeon.
You worshipped Okawaru.
Okawaru was aware of your devotion.
You visited 2 branches of the dungeon, and saw 8 of its levels.

You collected 340 gold pieces.

Inventory:

Hand Weapons
 a - a +0 war axe (weapon)
 u - a +1 short sword of flaming
Missiles
 s - 9 poisoned darts (quivered)
 z - a throwing net
Armour
 b - a +0 scale mail (worn)
 c - a +0 buckler
 e - a +0 pair of gloves (worn)
 o - a +0 cloak (worn)
 v - a +0 kite shield of reflection (worn)
Jewellery
 g - a +6 ring of dexterity
 h - a ring of protection from fire (right hand)
 n - a ring of flight (left hand)
 r - a +6 ring of dexterity
Wands
 x - a wand of quicksilver (10)
Scrolls
 f - 4 scrolls of poison {unknown}
 j - 2 scrolls of teleportation {unknown}
 l - a scroll of enchant weapon {unknown}
 q - 8 scrolls of identify {unknown}
 t - a scroll of acquirement {unknown}
 y - 2 scrolls of fear {unknown}
 C - a scroll of enchant armour {unknown}
Potions
 d - 3 potions of might
 i - 2 potions of heal wounds {unknown}
 k - 2 potions of lignification {unknown}
 m - 2 potions of curing {unknown}
 p - a potion of mutation {unknown}
 w - a potion of degeneration {unknown}
 A - a potion of ambrosia {unknown}
 B - a potion of cancellation {unknown}


   Skills:
 - Level 3.2 Fighting
 + Level 9.6 Axes
 - Level 3.2 Armour
 + Level 4.0 Shields
 + Level 2.5 Invocations


You had 7 spell levels left.
You didn't know any spells.
Your spell library contained the following spells:

 Spells                   Type           Power      Damage    Failure   Level
 Apportation              Tloc           0%         N/A       93%         1
 Necrotise                Necr           0%         1d4       93%         1
 Sting                    Conj/Alch      0%         1d3       93%         1
 Summon Small Mammal      Summ           Unusable   N/A       N/A         1

Dungeon Overview and Level Annotations

Branches:
Dungeon (7/15)             Temple (1/1) D:5

Altars:
Ashenzari
Dithmenos
Elyvilon
Fedhas
Gozag
Hepliaklqana
Makhleb
Nemelex Xobeh
Okawaru
Ru
Sif Muna
Trog
Uskayaw
Vehumet
Wu Jian
Xom
Yredelemnul
Zin
The Shining One

Annotations:
D:2 1 runed translucent door, Crazy Yiuf


Innate Abilities, Weirdness & Mutations

You cannot be hasted, slowed, berserked, paralysed or teleported.
You can dig through walls and to a lower floor.
You have a pair of large antennae on your head. (SInv)
Your four strong arms can wield two-handed weapons with a shield.


Message History

No target in view!
Found a ring mail.
You see here a +0 whip.
You see here a +0 club.
You now have 324 gold pieces (gained 13).
Done exploring.
Done exploring.
(D) Dungeon (T) Temple
Where to? (Tab/Enter - D:6, ? - help)
You see here a +0 club.
There is a stone staircase leading down here.
You fly downwards.
You sense a monster nearby.
There is a stone staircase leading up here.
Found a stone staircase leading down.
You now have 340 gold pieces (gained 16).
An ice beast comes into view.
Found 8 gold pieces.
You closely miss the ice beast. You block the ice beast's attack.
You barely miss the ice beast. The ice beast hits you.
The ice beast freezes you!
You hit the ice beast.
The ice beast is lightly wounded.
The ice beast hits you. The ice beast freezes you!
You barely miss the ice beast.
The ice beast is lightly wounded.
You block the ice beast's attack.
You hit the ice beast but do no damage.
The ice beast is lightly wounded.
The ice beast hits you. The ice beast freezes you!
You slash the ice beast!
The ice beast is heavily wounded.
The ice beast hits you.
* * * LOW HITPOINT WARNING * * *
The ice beast freezes you!
* * * LOW HITPOINT WARNING * * *
The ice beast attacks as it pursues you!
The ice beast hits you.
* * * LOW HITPOINT WARNING * * *
The ice beast freezes you!
You die...

#.....# .#.#.
#.###.# ....# #.#
#.# # #...# #.# #.#
#.#...# #.# #.#
.....# #.# #.# ..>.
#.# #.#
#.#####.###.#.###.#
............#..<#.#
.####.Y#########.#
#.#@.........#
...#.##########
#.###.. #.. #...
... #.... $..
#..... ... .......
###.....


You could see an ice beast.

Vanquished Creatures
  2 ogres
  A kobold brigand (D:6)
  A bullfrog (D:3)
  A gnoll sergeant (D:4)
  2 scorpions
  A howler monkey (D:4)
  4 hounds
  4 orc priests
  4 iguanas
  3 orc wizards
  3 gnolls
  9 adders
  A white imp (D:4)
  2 ribbon worms
  A dart slug (D:5)
  13 orcs
  5 endoplasms
  6 giant cockroaches
  10 goblins
  9 hobgoblins
  3 jackals (D:4)
  A quokka (D:3)
  6 ball pythons
  4 bats
  A frilled lizard (D:2)
  11 kobolds
  7 rats
115 creatures vanquished.

Notes
Turn   | Place    | Note
-------+----------+-------------------------------------------
     0 | D:1      | AlterAsc the Formicid Fighter began the quest for the Orb.
     0 | D:1      | Reached XP level 1. HP: 18/18 MP: 1/1
     8 | D:1      | Noticed a djinni
     8 | D:1      | Noticed a spriggan
    10 | D:1      | Noticed a human
    10 | D:1      | Noticed a demonspawn
    12 | D:1      | Noticed a vampire
    12 | D:1      | Noticed a vine stalker
    14 | D:1      | Noticed a tengu
    16 | D:1      | Noticed a demigod
    16 | D:1      | Noticed an elf
    18 | D:1      | Noticed an armataur
    18 | D:1      | Noticed a troll
    20 | D:1      | Noticed a felid
    22 | D:1      | Noticed an octopode
    22 | D:1      | Noticed a merfolk
    24 | D:1      | Noticed an oni
    24 | D:1      | Noticed a draconian
    26 | D:1      | Noticed a ghoul
    28 | D:1      | Noticed a barachi
    30 | D:1      | Noticed a gargoyle
    30 | D:1      | Noticed a naga
    34 | D:1      | Noticed a minotaur
    34 | D:1      | Noticed a formicid
   262 | D:1      | Reached XP level 2. HP: 21/24 MP: 2/2
   358 | D:1      | Reached skill level 3 in Axes
   670 | D:2      | Reached XP level 3. HP: 29/29 MP: 3/3
  1145 | D:2      | Found a runed translucent door.
  1146 | D:2      | Noticed Crazy Yiuf
  1494 | D:3      | Reached skill level 4 in Axes
  1494 | D:3      | Reached XP level 4. HP: 27/35 MP: 4/4
  1530 | D:3      | Noticed a bullfrog
  1541 | D:3      | Killed a bullfrog
  1542 | D:3      | Reached skill level 5 in Axes
  1542 | D:3      | Reached XP level 5. HP: 13/41 MP: 5/5
  2136 | D:3      | Reached XP level 6. HP: 23/47 MP: 6/6
  2137 | D:3      | Reached skill level 6 in Axes
  2390 | D:3      | Found a hazy altar of Hepliaklqana.
  2740 | D:4      | Noticed an ogre
  2867 | D:3      | Reached XP level 7. HP: 27/52 MP: 7/7
  2975 | D:4      | Reached skill level 7 in Axes
  3652 | D:5      | Entered Level 5 of the Dungeon
  3785 | D:5      | Found a staircase to the Ecumenical Temple.
  3792 | Temple   | Entered the Ecumenical Temple
  3807 | Temple   | Became a worshipper of Warmaster Okawaru
  3861 | D:5      | Reached skill level 8 in Axes
  4025 | D:5      | Reached XP level 8. HP: 25/58 MP: 8/8
  4210 | D:5      | Identified the +2 leather armour "Myos" {Harm rC+ rCorr
                  | Stlth+}
  4458 | D:5      | Found a glowing silver altar of Zin.
  4458 | D:5      | Found an opulent altar of Gozag.
  5061 | D:6      | Found a sacrificial altar of Ru.
  5064 | D:6      | Found a sparkling altar of Nemelex Xobeh.
  5135 | D:6      | Reached skill level 9 in Axes
  5237 | D:6      | Found a hide-covered altar of Uskayaw.
  5239 | D:6      | Found a white marble altar of Elyvilon.
  5242 | D:6      | Found a radiant altar of Vehumet.
  5426 | D:5      | Reached skill level 1 in Invocations
  5514 | D:6      | Reached * piety under Okawaru
  5897 | D:7      | Mangled by an ice beast

Illustrated notes

Levels and vault maps discovered:
D:1:      kb_arrival_jail, layout_loops_cross, dreamdust_mushroom_princess,
          minmay_worlds_worst_comb
D:2:      layout_basic, uniq_crazy_yiuf_cottage
D:3:      cheibrodos_greedy_goblins, layout_basic, mainiacjoe_overflow_chevrons,
          patterned_corridor
D:4:      layout_rooms
D:5:      layout_layer_cave, grunt_temple_overflow_gold_and_silver,
          minmay_temple_entry_statues_pillars
D:6:      layout_cave_pools, grunt_temple_overflow_open,
          mainiacjoe_overflow_catwalk_spiral
D:7:      layout_basic, grunt_qazlal_sundering
Temple:   nicolae_temple_ecumenical_triangle

Skill      XL: |  1  2  3  4  5  6  7  8 |
---------------+-------------------------+-----
Axes           | 3 4 5 6 8 9 |  9.6
Invocations    | 2 |  2.5
Fighting       | |  3.2
Armour         | |  3.2
Shields        | |  4.0

Action                     |  1- 3 |  4- 6 |  7- 9 || total
---------------------------+-------+-------+-------++-------
  Melee: War axe           |    75 |   163 |   135 ||   373
  Throw: Dart              |       |       |     6 ||     6
Ability: Dig               |     2 |     2 |     1 ||     5
    Use: Potion            |       |     1 |       ||     1
 Armour: Scale mail        |    38 |   141 |   102 ||   281
  Dodge: Dodged            |    37 |    84 |    58 ||   179
  Block: Buckler           |    21 |    44 |    27 ||    92
         Kite shield       |       |       |    18 ||    18
